 Dungeon Crawl Stone Soup version 0.21.1-1-g345015f (webtiles) character file.

23704 sking99 the Grappler (level 12, -2/119 HPs)
             Began as a Troll Monk on June 28, 2018.
             Was an Elder of the Shining One.
             Killed from afar by an acid blob (5 damage)
             ... with a splash of acid
             ... on level 5 of the Lair of Beasts.
             The game lasted 00:49:34 (13146 turns).

sking99 the Grappler (Troll Monk)                  Turns: 13146, Time: 00:49:34

Health: -2/119     AC:  2    Str: 22    XL:     12   Next: 74%
Magic:  0/17       EV: 11    Int:  6    God:    the Shining One [****..]
Gold:   238        SH: 11    Dex: 16    Spells: 11/11 levels left

rFire    . . .     SeeInvis .     - Unarmed
rCold    + . .     Gourm    +   y - +0 shield
rNeg     + + +     Faith    .   j - +1 robe {rC+}
rPois    .         Spirit   +   (helmet restricted)
rElec    .         Reflect  .   (no cloak)
rCorr    +         Harm     .   (gloves unavailable)
MR       .....                  (boots unavailable)
Stlth    +.........             M - amulet of guardian spirit
HPRegen  0.69/turn              v - ring of resist corrosion
MPRegen  0.15/turn              D - ring of positive energy

@: corroded, glowing
A: large, unfitting armour, claws 3, fast metabolism 3, gourmand, regeneration
1, shaggy fur 1, tough skin 2
a: Divine Shield, Cleansing Flame, Renounce Religion


You were on level 5 of the Lair of Beasts.
You worshipped the Shining One.
The Shining One was greatly pleased with you.
You were not hungry.

You visited 4 branches of the dungeon, and saw 18 of its levels.
You also visited: Ossuary.

You collected 746 gold pieces.
You spent 508 gold pieces at shops.

Inventory:

Missiles
 x - 3 throwing nets (quivered)
Armour
 a - a +1 robe
 j - a +1 robe of cold resistance (worn)
 y - a +0 shield (worn)
Jewellery
 h - an uncursed ring of teleportation
 v - a ring of resist corrosion (left claw)
 D - a ring of positive energy (right claw)
 M - an amulet of guardian spirit (around neck)
Wands
 n - a wand of scattershot (3)
 q - a wand of iceblast (11)
 C - a wand of digging (16)
 L - a wand of acid (11)
 N - a wand of enslavement (13)
Scrolls
 c - 3 scrolls of magic mapping
 d - a scroll of fog
 i - 2 scrolls of blinking
 l - a scroll of random uselessness
 m - 2 scrolls of fear
 o - 6 scrolls of teleportation
 r - 5 scrolls of remove curse
 t - a scroll of enchant weapon
 w - a scroll of acquirement {unknown}
 z - a scroll of noise {unknown}
 E - a scroll of amnesia
 I - a scroll of summoning {unknown}
 J - a scroll of identify
 K - a scroll of immolation
 O - a scroll of brand weapon {unknown}
Potions
 e - a potion of mutation
 f - 3 potions of brilliance
 g - 2 potions of agility
 k - 2 potions of lignification
 p - a potion of might
 s - a potion of invisibility
 u - a potion of magic
 F - a potion of curing
 H - a potion of resistance
Books
 B - a book of Debilitation

   Spells                             Type                      Level
   a - Corona                         Hexes                        1
   b - Slow                           Hexes                        2
   c - Inner Flame                    Hexes/Fire                   3
   d - Portal Projectile              Hexes/Translocation          3
   e - Cause Fear                     Hexes                        4
   f - Leda's Liquefaction            Hexes/Earth                  4
 G - a Young Poisoner's Handbook

   Spells                             Type                      Level
   a - Sting                          Conjuration/Poison           1
   b - Poisonous Vapours              Poison/Air                   2
   c - Mephitic Cloud                 Conjuration/Poison/Air       3
   d - Olgreb's Toxic Radiance        Poison                       4
   e - Venom Bolt                     Conjuration/Poison           5
Comestibles
 b - 17 rations


   Skills:
 + Level 8.0 Fighting
 - Level 2.4 Dodging
 - Level 1.0 Stealth
 - Level 9.0 Shields
 + Level 13.9 Unarmed Combat
 * Level 8.4 Invocations


You had 11 spell levels left.
You didn't know any spells.

Dungeon Overview and Level Annotations

Branches:
Dungeon (11/15)            Temple (1/1) D:5            Lair (5/6) D:8
  Slime (1/5) Lair:5          Orc (0/2) D:11
  Swamp: Lair:2-4    Shoals: Lair:2-4     Snake: Lair:2-4    Spider: Lair:2-4

Altars:
Ashenzari
Cheibriados
Dithmenos
Elyvilon
Fedhas
Gozag
Hepliaklqana
Kikubaaqudgha
Makhleb
Nemelex Xobeh
Okawaru
Qazlal
Ru
Sif Muna
Trog
Uskayaw
Vehumet
Wu Jian
Xom
Yredelemnul
Zin
The Shining One

Shops:
D:4 *   D:6 %   D:7 !   D:9 =   D:11 =


Innate Abilities, Weirdness & Mutations

You are too large for most types of armour.
You have claws for hands.
Your metabolism is lightning-fast.
You like to eat raw meat.
Your natural rate of healing is unusually fast.
You are covered in fur. (AC +1)
You have very tough skin. (AC +2)


Message History

* * * LOW HITPOINT WARNING * * *
The acid corrodes you!
You are splashed with acid!
The acid burns!
You resist.
* * * LOW HITPOINT WARNING * * *
You block the slime creature's attack. The slime creature hits you.
* * * LOW HITPOINT WARNING * * *
The acid blob spits acid at you. The splash of acid hits you! You resist.
* * * LOW HITPOINT WARNING * * *
You are splashed with acid!
The acid burns!
You resist.
* * * LOW HITPOINT WARNING * * *
Two slime creatures merge to form a large slime creature.
The acid blob spits acid at you. The splash of acid hits you! You resist.
* * * LOW HITPOINT WARNING * * *
You are splashed with acid!
The acid burns!
You resist.
* * * LOW HITPOINT WARNING * * *
Unknown command.
The acid blob spits acid at you. The splash of acid hits you! You resist.
You die...

###.........###...#
###
#.##...#...##.....#
####.##
##.#......J#.#....##
..#...#
#.........###J.....#
.....### #...P....##
#.J...##
.......####..P..#...#
#....##
....#...##...P.#...##
#.>..#
.#..#..(.......#....#
#.....#
.#....(<.#.P...#@####
##.#.##
................##
#####
......#.........#
................#
..P.PP..######PP#
.......## ####
.#..#.#.#***
##..###...,*
.....,,...,***


You could see an acid blob.

Vanquished Creatures
  The ghost of emiel the Nimble, a journeyman MfFE of Cheibriados (D:10)
  A centaur warrior (D:10)
  4 two-headed ogres
  A death yak (D:8)
  Sonja (Lair:2)
  3 unseen horrors
  Pikel (D:7)
  An ugly thing (D:11)
  4 oklob plants (Lair:5)
  A shining eye (Slime:1)
  A black mamba (Lair:1)
  An elephant (D:8)
  A spiny frog (Lair:5)
  A centaur skeleton (D:10)
  A rime drake (Lair:3)
  A gargoyle (D:10)
  The ghost of olivier the Shield-Bearer, a novice GrFi (D:4)
  A komodo dragon (D:10)
  A hornet (D:10)
  A troll (D:9)
  Grinder (D:3)
  8 blink frogs (Lair:2)
  Prince Ribbit (D:5)
  9 slime creatures (Lair:5)
  The ghost of olivier the Shield-Bearer, an amateur GrFi (D:3)
  3 hippogriffs
  6 yaks (D:9)
  Grum (D:9)
  2 basilisks
  Duvessa (D:4)
  4 porcupines
  A water moccasin (Lair:5)
  2 sky beasts
  4 ice beasts
  4 orc warriors
  2 ogres
  4 wolves (D:9)
  2 phantoms
  2 crocodiles
  3 centaurs
  An elf zombie (Ossuary)
  2 big kobolds
  10 bullfrogs
  2 gnoll sergeants
  Dowan (D:4)
  A scorpion (D:11)
  3 wights (D:6)
  2 electric eels (D:7)
  4 crimson imps
  A quasit (D:5)
  A jelly (D:7)
  2 hounds
  2 gnoll shamans
  8 orc priests
  2 bullfrog skeletons
  9 orc wizards
  2 iguanas
  Ijyb (D:4)
  Jessica (D:3)
  5 worker ants
  A killer bee zombie (D:9)
  2 worker ant zombies
  3 mummies (Ossuary)
  34 gnolls
  8 adders
  2 shadow imps
  2 oozes (D:1)
  An adder skeleton (D:5)
  5 adder zombies
  5 worms
  6 dart slugs
  9 leopard geckos
  44 orcs
  5 giant cockroaches
  35 goblins
  25 hobgoblins
  11 jackals
  16 kobolds
  6 quokkas
  2 ball pythons
  8 bats
  5 frilled lizards
  A goblin zombie (Ossuary)
  5 hobgoblin zombies (Ossuary)
  A jackal skeleton (D:4)
  4 kobold zombies (Ossuary)
  A leopard gecko skeleton (D:7)
  3 quokka zombies
  9 rats
  A rat zombie (Ossuary)
409 creatures vanquished.

Vanquished Creatures (others)
  A bat (D:3)
  A fungus (Lair:5)
  3 plants
5 creatures vanquished.

Grand Total: 414 creatures vanquished

Notes
Turn   | Place    | Note
-------+----------+-------------------------------------------
     0 | D:1      | sking99 the Troll Monk began the quest for the Orb.
     0 | D:1      | Reached XP level 1. HP: 22/22 MP: 0/0
   141 | D:1      | Reached XP level 2. HP: 29/29 MP: 1/1
   329 | D:1      | Reached skill level 4 in Unarmed Combat
   459 | D:1      | Reached XP level 3. HP: 36/36 MP: 2/2
   947 | D:2      | Reached XP level 4. HP: 37/44 MP: 3/3
  1033 | D:2      | Reached skill level 5 in Unarmed Combat
  1600 | D:3      | Noticed Jessica
  1612 | D:3      | Killed Jessica
  1638 | D:3      | Found a white marble altar of Elyvilon.
  1662 | D:3      | Became a worshipper of Elyvilon the Healer
  1662 | D:3      | Reached * piety under Elyvilon
  1662 | D:3      | Reached ** piety under Elyvilon
  1775 | D:3      | Reached XP level 5. HP: 50/50 MP: 4/4
  1827 | D:3      | Reached skill level 6 in Unarmed Combat
  1916 | D:3      | Noticed Grinder
  2273 | D:3      | Reached skill level 1 in Invocations
  2282 | D:3      | Reached XP level 6. HP: 37/59 MP: 4/6
  2462 | D:3      | Reached skill level 7 in Unarmed Combat
  2538 | D:3      | Paralysed by Grinder for 7 turns
  2541 | D:3      | Noticed olivier's ghost (amateur GrFi)
  2611 | D:4      | Noticed olivier's ghost (novice GrFi)
  2627 | D:4      | Killed olivier's ghost
  2627 | D:4      | Reached XP level 7. HP: 44/66 MP: 5/8
  2695 | D:3      | Killed olivier's ghost
  2695 | D:3      | Reached skill level 8 in Unarmed Combat
  2809 | D:3      | Found an ancient bone altar of Kikubaaqudgha.
  3157 | D:3      | Paralysed by Grinder for 5 turns
  3172 | D:3      | Paralysed by Grinder for 5 turns
  3184 | D:3      | Killed Grinder
  3184 | D:3      | Reached XP level 8. HP: 56/74 MP: 9/9
  3336 | D:3      | Reached skill level 9 in Unarmed Combat
  4015 | D:4      | Noticed Duvessa
  4032 | D:4      | Killed Duvessa
  4038 | D:4      | Noticed Dowan
  4056 | D:4      | Killed Dowan
  4077 | D:4      | Reached *** piety under Elyvilon
  4107 | D:4      | Found Egon's General Store.
  4162 | D:4      | Noticed Ijyb
  4172 | D:4      | Killed Ijyb
  4452 | D:5      | Entered Level 5 of the Dungeon
  4534 | D:5      | Found a sand-covered staircase.
  4540 | Ossuary  | Entered an ossuary
  4544 | Ossuary  | Reached skill level 10 in Unarmed Combat
  4569 | Ossuary  | Reached skill level 5 in Invocations
  4873 | D:5      | Found a staircase to the Ecumenical Temple.
  4880 | Temple   | Entered the Ecumenical Temple
  4981 | Temple   | Reached **** piety under Elyvilon
  5042 | Temple   | Fell from the grace of Elyvilon
  5042 | Temple   | Became a worshipper of the Shining One
  5042 | Temple   | Reached * piety under the Shining One
  5042 | Temple   | Reached ** piety under the Shining One
  5130 | D:5      | Noticed Prince Ribbit
  5147 | D:5      | Killed Prince Ribbit
  5147 | D:5      | Reached XP level 9. HP: 46/80 MP: 10/12
  5204 | D:5      | Found a transporter.
  5209 | D:5      | Found a transporter.
  5825 | D:6      | Reached skill level 11 in Unarmed Combat
  6112 | D:6      | Found Cylam's Food Emporium.
  6829 | D:7      | Reached skill level 1 in Shields
  6863 | D:7      | Reached *** piety under the Shining One
  6994 | D:7      | Noticed a two-headed ogre
  7008 | D:7      | Killed a two-headed ogre
  7008 | D:7      | Reached XP level 10. HP: 68/92 MP: 10/13
  7035 | D:7      | Noticed Pikel
  7038 | D:7      | Killed Pikel
  7054 | D:7      | Found a hide-covered altar of Uskayaw.
  7110 | D:7      | Found a glowing silver altar of Zin.
  7191 | D:7      | Found Jallat's Distillery.
  7209 | D:7      | Bought a potion of curing for 33 gold pieces
  7209 | D:7      | Bought a potion of heal wounds for 55 gold pieces
  7604 | D:8      | Found a staircase to the Lair.
  7604 | D:8      | Noticed an elephant
  7605 | D:8      | Noticed a death yak
  7622 | D:8      | Killed an elephant
  7622 | D:8      | Reached skill level 12 in Unarmed Combat
  7659 | D:8      | HP: 4/94 [death yak (19)]
  7666 | D:8      | Killed a death yak
  7666 | D:8      | Reached skill level 5 in Shields
  7753 | D:8      | Found a basalt altar of Yredelemnul.
  7965 | D:8      | Noticed a two-headed ogre
  7971 | D:8      | Killed a two-headed ogre
  7971 | D:8      | Reached skill level 5 in Fighting
  8109 | D:9      | Noticed Grum
  8123 | D:9      | Killed Grum
  8132 | D:9      | HP: 1/96 [wolf[Grum] (10)]
  8276 | D:9      | Found Jur Onolo's Jewellery Shoppe.
  8473 | D:9      | Reached XP level 11. HP: 104/104 MP: 14/14
  8729 | D:9      | Found an ornate altar of the Wu Jian Council.
  8859 | D:10     | Entered Level 10 of the Dungeon
  9482 | D:10     | Noticed an unseen horror
  9486 | D:10     | Noticed an unseen horror
  9492 | D:10     | Killed an unseen horror
  9521 | D:10     | Killed an unseen horror
  9639 | D:10     | Noticed a two-headed ogre
  9691 | D:10     | Killed a two-headed ogre
  9833 | D:10     | Noticed a two-headed ogre
  9835 | D:10     | Noticed emiel's ghost (journeyman MfFE)
  9843 | D:10     | Killed a two-headed ogre
  9931 | D:9      | HP: 4/106 [burnt (3)]
 10101 | D:10     | Killed emiel's ghost
 10101 | D:10     | Reached skill level 13 in Unarmed Combat
 10259 | D:10     | Noticed a centaur warrior
 10274 | D:10     | Killed a centaur warrior
 10567 | D:11     | Noticed an unseen horror
 10577 | D:11     | Killed an unseen horror
 10674 | D:11     | Noticed a cyan ugly thing
 10700 | D:11     | Killed a cyan ugly thing
 10857 | D:11     | Reached **** piety under the Shining One
 10925 | D:11     | Found a staircase to the Orcish Mines.
 11188 | D:11     | Reached XP level 12. HP: 115/115 MP: 15/15
 11396 | D:11     | Found Otuf's Jewellery Shop.
 11405 | D:11     | Bought an uncursed amulet of guardian spirit for 420 gold pieces
 11577 | Lair:1   | Entered Level 1 of the Lair of Beasts
 11649 | Lair:2   | Noticed Sonja
 11672 | Lair:2   | Killed Sonja
 12307 | Lair:5   | Found a staircase to the Slime Pits.
 12620 | Slime:1  | Entered Level 1 of the Pits of Slime
 12976 | Slime:1  | Noticed an acid blob
 13137 | Lair:5   | HP: 5/119 [acid (6)]
 13145 | Lair:5   | HP: 3/119 [acid (5)]
 13146 | Lair:5   | Killed from afar by an acid blob

Skill      XL: |  1  2  3  4  5  6  7  8  9 10 11 12 |
---------------+-------------------------------------+-----
Unarmed Combat | 4 5 6 7 8 10 11 12 13 | 13.9
Invocations    | 1 2 3 5 8 |  8.4
Fighting       | 4 5 6 8 |  8.0
Shields        | 3 6 8 9 |  9.0
Dodging        | |  2.4
Stealth        | |  1.0

Action                   |  1- 3 |  4- 6 |  7- 9 | 10-12 || total
-------------------------+-------+-------+-------+-------++-------
Melee: Unarmed           |    99 |   203 |   382 |   496 ||  1180
       Punch             |       |     3 |    14 |       ||    17
Invok: Lesser Healing    |       |     1 |     1 |       ||     2
       Divine Shield     |       |       |     1 |     9 ||    10
Evoke: Wand              |       |       |       |     1 ||     1
  Use: Scroll            |       |       |     8 |    14 ||    22
       Potion            |       |       |     1 |     6 ||     7
 Stab: Sleeping          |     6 |     2 |     2 |       ||    10
  Eat: Chunk             |    14 |    12 |    44 |    50 ||   120
Armor: Robe              |    43 |    65 |   100 |    57 ||   265
Dodge: Dodged            |    76 |   109 |   152 |   139 ||   476
Block: Shield            |       |       |    27 |   229 ||   256
